[Event "Germany Countries-chT Youth 2022"]
[Site "Wiesbaden"]
[Date "2022.10.03"]
[Round "5"]
[White "Tovmasyan, Minas"]
[Black "Bock, Marlon"]
[Result "0-1"]
[ECO "D20"]
[WhiteElo "1838"]
[BlackElo "1866"]
[Annotator "NA RC COMBH"]
[PlyCount "70"]
[EventDate "2022.09.28"]
[EventType "team-tourn"]
[EventRounds "7"]
[EventCountry "GER"]
[SourceTitle "playchess.com"]
[Source "ChessBase"]
[SourceQuality "1"]
[TimeControl "40/5400+30:1800+30"]

1. d4 d5 2. c4 dxc4 3. e3 e5 4. Bxc4 Nc6 5. Nf3 e4 6. Nfd2 Qg5 7. Kf1 (7. Nxe4 $14 Qxg2 8. Ng3) 7... Qg6 8. Nc3 Nf6 9. Nb5 Bd6 10. Nxd6+ cxd6 11. b4 (11. b3 $15) 11... O-O 12. b5 Ne7 (12... Na5 $17 13. h3 Bd7) 13. Ba3 Nf5 14. h4 h5 15. Rc1 Be6 16. Qb3 d5 ({Better is} 16... Bxc4+ $19 17. Qxc4 Rfd8) 17. Be2 ({Reject} 17. Bxf8 dxc4 18. Nxc4 Rxf8 $19) 17... Rfc8 18. Rxc8+ ({White should play} 18. Qd1) 18... Rxc8 19. Kg1 Ng4 20. Nf1 Qf6 21. Bxg4 hxg4 22. g3 Qd8 23. Nd2 Qa5 24. Qb4 Qxb4 25. Bxb4 Rc2 26. a4 Rb2 27. Bc3 $17 Ra2 28. Kg2 Rxa4 29. Rb1 b6 30. Kf1 Nd6 31. Rb2 Bd7 32. Ke2 Bxb5+ 33. Kd1 Bd3 34. Bb4 Ra1+ 35. Nb1 Nc4 0-1

[Event "Germany Countries-chT Youth 2022"]
[Site "Wiesbaden"]
[Date "2022.10.03"]
[Round "5"]
[White "Trunz, Michelle"]
[Black "Keymer, Cecilia"]
[Result "1/2-1/2"]
[ECO "D10"]
[WhiteElo "1821"]
[BlackElo "1696"]
[Annotator "NA RC COMBH"]
[PlyCount "118"]
[EventDate "2022.09.28"]
[EventType "team-tourn"]
[EventRounds "7"]
[EventCountry "GER"]
[SourceTitle "playchess.com"]
[Source "ChessBase"]
[SourceQuality "1"]
[TimeControl "40/5400+30:1800+30"]

1. d4 d5 2. c4 c6 3. cxd5 cxd5 4. Nc3 Nf6 5. Nf3 Nc6 6. Bf4 a6 7. e3 {[%emt 0:00:26] 7.Rc1 might become the main line.} Bg4 8. Qb3 Na5 9. Qa4+ b5 10. Qc2 {[%emt 0:02:12] [#]} e6 $146 {[%emt 0:04:29] [#]} ({Predecessor:} 10... Bxf3 $11 11. gxf3 e6 12. Bd3 Bd6 13. Bxd6 Qxd6 14. f4 O-O 15. Qe2 Rfc8 16. O-O Rc6 {0-1 (30) Gvanceladze,A (2182)-Volkov,S (2557) Bryansk 2021}) 11. Nxb5 $1 axb5 12. Bxb5+ Nd7 13. Ne5 Ra7 14. Nxd7 ({Don't take} 14. Nxg4 Bb4+ 15. Ke2 O-O $18) (14. O-O $18 {has better winning chances.}) 14... Bb4+ 15. Kf1 Rxd7 16. Qa4 e5 (16... Bd2 $2 17. h3 Bf5 18. Ke2 (18. Bxd7+ Qxd7 19. Qxd7+ Kxd7 $11)) 17. Qxb4 exf4 18. exf4 Qc7 19. Bxd7+ ({White should play} 19. Re1+ Kd8 20. h3) 19... Bxd7 20. Re1+ Kd8 21. Qe7+ (21. h4 Nc6 $16) 21... Kc8 22. Qc5 Qxc5 23. dxc5 Be6 ({Better is} 23... Bb5+ $15 24. Kg1 Kd7) 24. b3 Kc7 25. Rc1 Ra8 26. Ke2 Nc6 27. Ra1 Ra3 28. Rhd1 Nb4 29. Rd2 Kc6 30. f3 Kxc5 {[%emt 0:03:45] Decoy} 31. g4 g6 32. Ke3 d4+ 33. Ke4 Bd5+ 34. Ke5 Bxb3 35. Rc1+ Bc4 36. Rxc4+ Kxc4 37. Rxd4+ Kc5 38. Rd7 Rxf3 39. Rxf7 Rh3 40. a4 Rxh2 41. f5 gxf5 42. Rxf5 Rh4 43. Rf7 Rxg4 44. Rxh7 Nc6+ 45. Kf5 Rxa4 46. Rh1 Rc4 47. Ra1 Kd5 48. Rd1+ Nd4+ 49. Kf6 Rc6+ 50. Kg5 Re6 51. Rd3 Re5+ 52. Kf6 $15 Rf5+ 53. Ke7 Ke4 54. Rd1 Rd5 55. Re1+ Kf4 56. Rf1+ Nf3 57. Ra1 Kf5 58. Rf1 Ke4 59. Ra1 Ke5 1/2-1/2

[Event "Germany Countries-chT Youth 2022"]
[Site "Wiesbaden"]
[Date "2022.10.03"]
[Round "5"]
[White "Buchinger, Alexis"]
[Black "Neuhoff, Laertes"]
[Result "1-0"]
[ECO "C44"]
[WhiteElo "1802"]
[BlackElo "1885"]
[Annotator "NA RC COMBH"]
[PlyCount "79"]
[EventDate "2022.09.28"]
[EventType "team-tourn"]
[EventRounds "7"]
[EventCountry "GER"]
[SourceTitle "playchess.com"]
[Source "ChessBase"]
[SourceQuality "1"]
[TimeControl "40/5400+30:1800+30"]

1. e4 e5 2. Nf3 Nc6 3. d4 exd4 4. Nxd4 Nf6 5. Nc3 Bb4 6. Nxc6 bxc6 7. Bd3 d5 8. exd5 cxd5 {[%emt 0:00:03] 8...0-0 deserves study.} 9. O-O O-O 10. h3 h6 11. Qf3 Be6 12. Bf4 Bd6 13. Ne2 c5 14. c3 Rb8 15. b3 {[%emt 0:03:35] [#]} c4 $146 ({Predecessor:} 15... Re8 16. Rfe1 Bc8 17. Ng3 Bxf4 18. Qxf4 Be6 19. b4 d4 20. bxc5 dxc3 21. Rad1 Qa5 {0-1 (57) Petrisor,A (2392)-Miron,L (2526) Baile Olanesti 2013}) 16. Bc2 Bxf4 17. Nxf4 Qc7 18. Rfe1 Rb6 19. Rad1 Rd6 20. b4 Rfd8 21. Ne2 Qb6 (21... a5 $14 {feels stronger.}) 22. Nd4 Nd7 (22... Re8 $16 {is a better defense.}) 23. Qe3 Nf8 24. Kh1 (24. a4 $142) 24... Re8 25. Qg3 Rdd8 {[%emt 0:00:46] [#]} 26. f4 (26. Ba4 $1 $16 Bd7 27. Bxd7 Nxd7 28. Nf5) 26... Bc8 27. f5 Nd7 28. Rxe8+ Rxe8 29. Re1 Rf8 30. Re7 $16 Qf6 31. Qe3 Rd8 32. Re8+ Kh7 33. Rxd8 Qxd8 34. f6+ g6 35. Qe7 Qf8 36. Ba4 Kg8 37. Nc6 a6 38. Bc2 h5 39. h4 Kh7 40. Na7 1-0

[Event "Germany Countries-chT Youth 2022"]
[Site "Wiesbaden"]
[Date "2022.10.03"]
[Round "5"]
[White "Semling, Julius"]
[Black "Campora, Daniel H."]
[Result "1/2-1/2"]
[ECO "A45"]
[WhiteElo "1801"]
[BlackElo "2344"]
[Annotator "RC"]
[PlyCount "64"]
[EventDate "2022.09.28"]
[EventType "team-tourn"]
[EventRounds "7"]
[EventCountry "GER"]
[SourceTitle "playchess.com"]
[Source "ChessBase"]
[SourceQuality "1"]
[TimeControl "40/5400+30:1800+30"]

1. d4 Nf6 2. Nc3 d5 3. Bf4 e6 4. Nb5 Na6 5. e3 Be7 6. Nf3 O-O 7. Be2 c5 8. c3 c4 9. a4 Bd7 10. b3 Qa5 11. O-O Bxb5 12. axb5 Qxb5 13. bxc4 dxc4 14. Rb1 Qd5 15. Nd2 b5 16. Bf3 Qd7 17. Ra1 Nc7 18. Bxc7 Qxc7 19. Bxa8 Rxa8 20. Ra6 Qb7 21. Qa1 Nd5 22. Rb1 Nxc3 23. Rb2 Ne2+ 24. Kf1 c3 25. Rba2 cxd2 26. Kxe2 Qxg2 27. Rxa7 Qg4+ 28. Kxd2 Bb4+ 29. Kd3 Qf5+ 30. Ke2 Qg4+ 31. Kf1 Qh3+ 32. Ke2 Qg4+ 1/2-1/2

[Event "Germany Countries-chT Youth 2022"]
[Site "Wiesbaden"]
[Date "2022.10.03"]
[Round "5"]
[White "Voigt, Anastasia"]
[Black "Woerz, Ann-Sophie"]
[Result "1-0"]
[ECO "C41"]
[WhiteElo "1772"]
[BlackElo "1607"]
[Annotator "COMBH"]
[PlyCount "85"]
[EventDate "2022.09.28"]
[EventType "team-tourn"]
[EventRounds "7"]
[EventCountry "GER"]
[TimeControl "40/5400+30:1800+30"]

1. e4 d6 2. d4 Nf6 3. Nc3 e5 4. Nf3 Nbd7 5. Bc4 Be7 6. O-O O-O 7. Re1 a6 8. a4 b6 9. b4 Bb7 10. Ba3 h6 11. Qd3 Nh5 12. Ne2 exd4 13. Nexd4 Bf6 14. Rad1 Ne5 15. Nxe5 dxe5 16. Nf5 Qxd3 17. Rxd3 Nf4 18. Rd7 Bc6 19. Rxc7 Rac8 20. Bxf7+ Kh7 21. Rxc8 Rxc8 22. Bb3 Rd8 23. h3 g6 24. Ne3 h5 25. f3 Bh4 26. Rd1 Ne2+ 27. Kh1 Rxd1+ 28. Nxd1 Kh6 29. Bb2 Ng3+ 30. Kh2 Nf1+ 31. Kg1 Nd2 32. Bxe5 Nxb3 33. cxb3 Be7 34. Bc3 Bd7 35. Ne3 b5 36. Nd5 Bd8 37. a5 Be6 38. Kf2 g5 39. Ke3 g4 40. hxg4 hxg4 41. f4 Kh5 42. g3 Bf7 43. Kd4 1-0

[Event "Germany Countries-chT Youth 2022"]
[Site "Wiesbaden"]
[Date "2022.10.03"]
[Round "5"]
[White "Mader, Fabian"]
[Black "Besou, Hussain"]
[Result "0-1"]
[ECO "B51"]
[WhiteElo "1735"]
[BlackElo "2119"]
[Annotator "TA"]
[PlyCount "78"]
[EventDate "2022.09.28"]
[EventType "team-tourn"]
[EventRounds "7"]
[EventCountry "GER"]
[TimeControl "40/5400+30:1800+30"]

1. e4 c5 2. Nf3 d6 3. Bb5+ Nd7 4. O-O a6 5. Bd3 Ngf6 6. Qe2 {[%emt 0:02:06] B51: Sicilian: Moscow Variation (3 Bb5+) without 3...Bd7.} e5 7. c3 Be7 8. Bc2 {[%emt 0:03:40] The position is equal.} O-O 9. d4 Qc7 {[%emt 0:10:11] [#]} 10. h3 $146 ({Predecessor:} 10. Bg5 Re8 11. dxe5 dxe5 12. a4 b6 13. Bxf6 Nxf6 14. Nbd2 Bf8 15. Bd3 Bb7 16. Bc4 {1-0 (79) Megaranto,S (2523)-Nasanjargal,U (2482) Ulaanbaatar 2019}) 10... Re8 11. d5 b5 12. Nh2 Bf8 13. f4 $2 (13. a4 $14 {stays ahead.}) 13... exf4 $1 $17 14. Qf3 Ne5 {[%emt 0:03:37] Black is more active.} (14... g5 $1 $17 {aiming for ...Ne5.} 15. g3 Ne5) 15. Qxf4 $15 Qe7 ({Reject} 15... c4 16. Be3 $11) (15... b4 $15) 16. Nd2 Ng6 17. Qf2 Ra7 18. b3 Rc7 19. Bb2 Ne5 20. Nhf3 Nfd7 21. Rae1 g6 22. Ba1 c4 23. Nxe5 Nxe5 24. Nf3 (24. bxc4 $11 bxc4 25. Nf3) 24... Nxf3+ $17 25. Qxf3 Bg7 26. Rf2 {[%emt 0:02:37] [#]} cxb3 (26... f5 $1 $17) 27. axb3 $15 h5 (27... f5 $15) 28. Ref1 $11 Be5 29. Kh1 h4 30. Qe3 Kg7 (30... f5 $11) 31. Rf3 (31. Rxf7+ $16 Qxf7 32. Rxf7+ Rxf7 33. Bd3) 31... Rf8 32. Qf2 Rc5 33. Bb2 a5 {[%emt 0:00:46] [#]} (33... f6 $11 {keeps the balance.}) 34. Bc1 ({White should play} 34. Bd3 $1 $16) 34... Rxc3 35. Bg5 $2 {[%emt 0:00:18][%mdl 8192] White does not recover from this.} Qxg5 $19 36. Rxf7+ Rxf7 37. Qxf7+ Kh6 38. Bd1 {[%emt 0:00:55] [#]} Bxh3 $1 39. Bf3 (39. Qf2 Bg4) 39... Rc1 {[%emt 0:01:35] Weighted Error Value: White=0.97/Black=0.21 (precise)} 0-1

[Event "Germany Countries-chT Youth 2022"]
[Site "Wiesbaden"]
[Date "2022.10.03"]
[Round "5"]
[White "Wylie, Leonard"]
[Black "Pohle, Saskia"]
[Result "0-1"]
[ECO "C44"]
[WhiteElo "1721"]
[BlackElo "1756"]
[Annotator "COMBH"]
[PlyCount "86"]
[EventDate "2022.09.28"]
[EventType "team-tourn"]
[EventRounds "7"]
[EventCountry "GER"]
[TimeControl "40/5400+30:1800+30"]

1. e4 e5 2. Nf3 Nc6 3. d4 exd4 4. Nxd4 Nf6 5. Nc3 Bb4 6. Bg5 h6 7. Nxc6 bxc6 8. Bd2 O-O 9. Bd3 d5 10. e5 Re8 11. f4 Ng4 12. Na4 Bxd2+ 13. Qxd2 Nxe5 14. fxe5 Qh4+ 15. Qf2 Rxe5+ 16. Be2 Qxa4 17. O-O Be6 18. Bd3 Qb4 19. c3 Qb6 20. b4 Qxf2+ 21. Kxf2 Bf5 22. Bxf5 Rxf5+ 23. Ke3 Re8+ 24. Kd3 Rfe5 25. Rf2 f6 26. Rd1 Kf7 27. Kc2 Re2+ 28. Rd2 Rxf2 29. Rxf2 Ke6 30. Kb3 Kd6 31. Ka4 Re3 32. Rc2 Rd3 33. c4 d4 34. c5+ Kd5 35. b5 Rc3 36. Rd2 Kxc5 37. bxc6 d3 38. a3 Kc4 39. g4 Rc2 40. Rd1 d2 41. Ka5 Kd3 42. Ka6 Rxc6+ 43. Kxa7 Rc1 0-1

[Event "Germany Countries-chT Youth 2022"]
[Site "Wiesbaden"]
[Date "2022.10.03"]
[Round "5"]
[White "Wilmink, Anna"]
[Black "Prinzen, Siri Marleen"]
[Result "0-1"]
[ECO "B13"]
[WhiteElo "1702"]
[BlackElo "1719"]
[Annotator "NA RC COMBH"]
[PlyCount "147"]
[EventDate "2022.09.28"]
[EventType "team-tourn"]
[EventRounds "7"]
[EventCountry "GER"]
[SourceTitle "playchess.com"]
[Source "ChessBase"]
[SourceQuality "1"]
[TimeControl "40/5400+30:1800+30"]

1. e4 c6 2. d4 d5 3. exd5 cxd5 4. Nf3 Nc6 5. c3 Qc7 6. Be2 Nf6 7. O-O e6 8. h3 Bd6 9. Be3 O-O 10. Bd3 Bd7 11. Re1 a6 12. Qc1 Nh5 13. Ng5 g6 14. Nf3 Bf4 15. Bxf4 Qxf4 16. Qxf4 Nxf4 17. Bc2 Nh5 18. Nbd2 Rfc8 19. Nb3 b6 20. Bd3 Ng7 21. a4 Rcb8 22. Nbd2 Ne8 23. b4 Nd6 24. Nb3 Rc8 25. Rec1 Ne7 26. Ne5 Be8 27. c4 dxc4 28. Nxc4 Nxc4 29. Rxc4 Rxc4 30. Bxc4 Bc6 31. f3 Bd5 32. Rc1 Bxc4 33. Rxc4 Nd5 34. b5 axb5 35. axb5 Ra3 36. Nd2 Ra5 37. Ne4 Rxb5 38. Nc3 Nxc3 39. Rxc3 Kf8 40. Rc7 Rb2 41. g4 g5 42. Rb7 Kg7 43. Kf1 Kg6 44. Rb8 h6 45. Re8 b5 46. Rb8 b4 47. Ke1 b3 48. Kd1 Rb1+ 49. Kd2 Kf6 50. Rb7 Rb2+ 51. Kc1 Rc2+ 52. Kd1 Rc3 53. Ke2 Kg7 54. Rb8 Kg6 55. Rb6 Kg7 56. Rb8 f6 57. Rb6 Kf7 58. Rb7+ Ke8 59. Rb8+ Kd7 60. Rb6 Ke7 61. Rb7+ Kd6 62. Rb5 Kc6 63. Rb8 Kd5 64. Rb4 e5 65. dxe5 fxe5 66. Rb6 Kc4 67. Rb8 Rc2+ 68. Kd1 Kc3 69. Rc8+ Kb2 70. Rb8 Ka2 71. Ra8+ Kb1 72. Rb8 Rc3 73. Kd2 Rxf3 74. Re8 0-1

[Event "Germany Countries-chT Youth 2022"]
[Site "Wiesbaden"]
[Date "2022.10.03"]
[Round "5"]
[White "Nechitailo, Nikita"]
[Black "Wunderlich, Elias"]
[Result "1-0"]
[ECO "C02"]
[WhiteElo "1651"]
[BlackElo "1815"]
[Annotator "NA RC COMBH"]
[PlyCount "119"]
[EventDate "2022.09.28"]
[EventType "team-tourn"]
[EventRounds "7"]
[EventCountry "GER"]
[SourceTitle "playchess.com"]
[Source "ChessBase"]
[SourceQuality "1"]
[TimeControl "40/5400+30:1800+30"]

1. e4 e6 2. d4 d5 3. e5 c5 4. c3 Nc6 5. Nf3 Qb6 6. Bd3 Bd7 7. dxc5 Bxc5 8. O-O a5 9. Nbd2 Qa7 10. c4 Nge7 11. g3 (11. h3 $11) 11... O-O-O ({Black should try} 11... h6 $15) 12. a3 Ng6 13. Bxg6 hxg6 {[%emt 0:00:30] [#]} 14. b4 $1 axb4 15. Nb3 bxa3 16. Nxc5 Qxc5 17. Bxa3 Qxc4 18. Bd6 b6 19. Ng5 Be8 20. Ra4 Qb5 21. Qc2 Rxd6 22. exd6 Qc5 23. Qb2 Qxd6 24. Qxb6 Qc7 25. Ra8+ Kd7 26. Qc5 Rh5 27. f4 Qd6 28. Qxd6+ Kxd6 29. Rxe8 f6 30. Nf7+ Kd7 31. Rh8 Ke7 32. Rxh5 gxh5 33. Nh8 Nd4 34. Ng6+ Kd6 35. Kf2 Nf5 36. Nh4 Ne7 37. Ra1 d4 38. Ra7 Nd5 39. Nf3 Kc5 $18 40. Ra5+ Kb4 41. Rxd5 exd5 42. Nxd4 Kc3 43. Ke3 g6 44. h4 Kc4 45. g4 hxg4 46. f5 gxf5 47. h5 f4+ 48. Kxf4 Kxd4 49. h6 g3 50. Kxg3 Ke3 51. h7 f5 52. h8=Q f4+ 53. Kg2 f3+ 54. Kg3 d4 55. Qe5+ Kd3 56. Kxf3 Kc4 57. Ke4 d3 58. Qd5+ Kb4 59. Kxd3 Ka4 60. Kc3 1-0

[Event "Germany Countries-chT Youth 2022"]
[Site "Wiesbaden"]
[Date "2022.10.03"]
[Round "5"]
[White "Bezsonna, Polina"]
[Black "Czaeczine, Paula"]
[Result "1-0"]
[ECO "C55"]
[WhiteElo "1649"]
[BlackElo "1322"]
[Annotator "COMBH"]
[PlyCount "79"]
[EventDate "2022.09.28"]
[EventType "team-tourn"]
[EventRounds "7"]
[EventCountry "GER"]
[TimeControl "40/5400+30:1800+30"]

1. e4 e5 2. Nf3 Nc6 3. d4 exd4 4. Bc4 Nf6 5. e5 d5 6. Bb5 Ne4 7. Nxd4 Bd7 8. Bxc6 bxc6 9. O-O Bc5 10. f3 Ng5 11. f4 Ne4 12. Be3 O-O 13. Nd2 Nxd2 14. Qxd2 Qe7 15. Rae1 Bb6 16. c3 Rad8 17. f5 f6 18. exf6 Qxf6 19. Bg5 Qf7 20. Bxd8 Rxd8 21. Kh1 Bxd4 22. Qxd4 a6 23. f6 Rf8 24. Rf3 gxf6 25. Ref1 Qe7 26. Rxf6 Rxf6 27. Qxf6 Qxf6 28. Rxf6 Kg7 29. Rf4 Kg6 30. Kg1 h5 31. Kf2 Bf5 32. Rb4 Kf6 33. Rb7 Ke6 34. Rxc7 Kd6 35. Ra7 Bd3 36. Ke3 Bf1 37. g3 c5 38. Rh7 Bc4 39. b3 Bb5 40. Rxh5 1-0

[Event "Germany Countries-chT Youth 2022"]
[Site "Wiesbaden"]
[Date "2022.10.03"]
[Round "5"]
[White "Stichter, Constantin Paul"]
[Black "Nizamova, Rita"]
[Result "1/2-1/2"]
[ECO "B23"]
[WhiteElo "1620"]
[BlackElo "1813"]
[Annotator "COMBH"]
[PlyCount "61"]
[EventDate "2022.09.28"]
[EventType "team-tourn"]
[EventRounds "7"]
[EventCountry "GER"]
[TimeControl "40/5400+30:1800+30"]

1. e4 c5 2. Nc3 a6 3. g3 b5 4. Bg2 Bb7 5. Nge2 e6 6. O-O Nc6 7. d3 Be7 8. f4 h5 9. Qe1 (9. h3 $14) 9... Nh6 10. f5 Qb6 11. Nd1 O-O-O (11... Ng4 $1 $15) 12. Nf4 Nd4 13. Ne3 Ng4 14. Nxg4 hxg4 15. Qf2 Rh7 16. c3 Nf3+ $1 17. Bxf3 gxf3 18. Qxf3 exf5 $14 19. Nd5 Bxd5 20. exd5 Rdh8 21. Rf2 Qg6 22. Bf4 Bd6 23. a4 Bxf4 24. Qxf4 Rh4 25. Qe3 d6 26. Rg2 Rxa4 27. Rxa4 bxa4 28. d4 f4 29. Qxf4 Re8 30. Rf2 Re1+ 31. Kg2 1/2-1/2

[Event "Germany Countries-chT Youth 2022"]
[Site "Wiesbaden"]
[Date "2022.10.03"]
[Round "5"]
[White "Glowiak, Alexandra"]
[Black "Buchholz, Maja"]
[Result "0-1"]
[ECO "C06"]
[WhiteElo "1602"]
[BlackElo "1765"]
[Annotator "NA RC COMBH"]
[PlyCount "123"]
[EventDate "2022.09.28"]
[EventType "team-tourn"]
[EventRounds "7"]
[EventCountry "GER"]
[SourceTitle "playchess.com"]
[Source "ChessBase"]
[SourceQuality "1"]
[TimeControl "40/5400+30:1800+30"]

1. e4 e6 2. d4 d5 3. Nd2 Nf6 4. e5 Nfd7 5. Bd3 c5 6. c3 Nc6 7. Ne2 cxd4 8. cxd4 f6 9. exf6 Nxf6 10. O-O Bd6 11. Nf3 Qc7 12. Nc3 a6 13. Bg5 O-O 14. Bh4 Nh5 15. a3 Bd7 16. Re1 Nf4 17. Rc1 Nxd3 18. Qxd3 Rxf3 19. Qxf3 Nxd4 20. Qd3 Nb3 21. Rc2 Rc8 22. Rce2 Bxh2+ 23. Kh1 Nc5 24. Qd4 Qf4 25. Qxf4 Bxf4 26. f3 Nd3 27. Rd1 Nc1 28. Ree1 Nb3 29. Bf2 Kf7 30. Re2 b5 31. g3 Bc1 32. Rc2 Bg5 33. Re2 Bf6 34. Ne4 Be7 35. Re3 Na5 36. Nc3 Nc4 37. Re2 Nxb2 38. Rxb2 Rxc3 39. a4 Rxf3 40. axb5 Bxb5 41. Kg2 Rc3 42. Rh1 h6 43. Bd4 Rc4 44. Rf2+ Kg6 45. Bb2 Re4 46. Kf3 a5 47. Rc2 Bd6 48. Rc8 a4 49. Rg8 Be5 50. Bxe5 Rxe5 51. Rb1 d4 52. Rb8 Re3+ 53. Kf2 Bc4 54. R1b4 Rb3 55. Rxb3 Bxb3 56. Kf3 Bd5+ 57. Kf4 a3 58. Rb4 a2 59. Ra4 Kf6 60. Ra6 h5 61. g4 h4 62. g5+ 0-1

[Event "Germany Countries-chT Youth 2022"]
[Site "Wiesbaden"]
[Date "2022.10.03"]
[Round "5"]
[White "Vranckx, Oscar"]
[Black "Möller, Maurin"]
[Result "0-1"]
[ECO "B40"]
[WhiteElo "1583"]
[BlackElo "1936"]
[Annotator "TA"]
[PlyCount "58"]
[EventDate "2022.09.28"]
[EventType "team-tourn"]
[EventRounds "7"]
[EventCountry "GER"]
[SourceTitle "playchess.com"]
[Source "ChessBase"]
[SourceQuality "1"]
[TimeControl "40/5400+30:1800+30"]

1. e4 c5 2. Nf3 e6 3. d4 cxd4 4. Nxd4 Nf6 5. Nc3 Nc6 6. Ndb5 Bb4 7. a3 Bxc3+ 8. Nxc3 d5 9. exd5 exd5 10. Bd3 O-O 11. O-O d4 {[%emt 0:04:47] 11...Bg4 is the modern continuation.} 12. Ne2 Re8 13. Bg5 h6 {[%emt 0:01:01] B45: Sicilian Four Knights.} 14. Bh4 a6 15. Qd2 {[%emt 0:02:13] [#]} g5 $146 {[%emt 0:09:05] White is slightly better.} ({Predecessor:} 15... Ne4 16. Bxe4 Qxh4 17. Bxc6 bxc6 18. Qxd4 Qg5 19. Ng3 Be6 20. Rad1 c5 21. Qc3 c4 {1-0 (57) Kocak,C (1892)-Yagci,Y (1671) Konya 2018}) 16. Bg3 ({Much worse is} 16. Bxg5 hxg5 17. Qxg5+ Kf8 $17) 16... Kg7 (16... Ne4 $14 17. Bxe4 Rxe4) 17. f4 $16 Nd5 18. fxg5 hxg5 19. h4 {[%emt 0:03:20] Hoping for Bc4.} Ne3 {[%emt 0:11:30] Inhibits Bc4.} 20. hxg5 ({Better is} 20. Rf2 $1 $16) 20... Qxg5 $11 21. Rf2 Bg4 {[%emt 0:03:55] [#]} (21... Rh8 $11 22. Rf3 Qh5) 22. Raf1 (22. Nxd4 $1 $16 Nxd4 23. Bf4) 22... f5 $14 {[%emt 0:11:25] [#]} (22... Bxe2 $2 23. Rxf7+ Kh8 24. Qxe2 Nxf1 25. Qxf1 $18 (25. Rh7+ Kg8 $16)) 23. Nf4 (23. Rxf5 $1 $14 Bxf5 24. Rxf5 $1) 23... Qh6 $19 24. Re1 Rh8 $40 {[%emt 0:03:38][%csl Gh8][%cal Rh6h1][%mdl 128] White is in trouble.} 25. Rfe2 (25. Rff1 {is a better defense.} Rae8 26. a4) 25... Bxe2 {[%emt 0:03:03] The board is on fire.} 26. Bxe2 {[%emt 0:00:06] [#]} Rae8 $1 {[%emt 0:05:01] And now ...Qg5 would win.} 27. c3 $2 (27. Bf3 {keeps fighting.}) 27... d3 $2 (27... Qg5 $19 28. Nh5+ Kg6 29. Nf4+ Kg7 30. Nh5+ Rxh5 31. Bxh5 Qxh5 32. cxd4 Qg5) 28. Qxd3 $2 (28. Nh5+ $11 Kf7 29. Qxd3) 28... Qh1+ 29. Kf2 Ng4+ {[%emt 0:00:02] Weighted Error Value: White=0.86/Black=0.71} 0-1

[Event "Germany Countries-chT Youth 2022"]
[Site "Wiesbaden"]
[Date "2022.10.03"]
[Round "5"]
[White "Aniol, Nico"]
[Black "Herrmann, Jakob"]
[Result "0-1"]
[ECO "B22"]
[WhiteElo "1541"]
[BlackElo "1888"]
[Annotator "NA RC COMBH"]
[PlyCount "110"]
[EventDate "2022.09.28"]
[EventType "team-tourn"]
[EventRounds "7"]
[EventCountry "GER"]
[SourceTitle "playchess.com"]
[Source "ChessBase"]
[SourceQuality "1"]
[TimeControl "40/5400+30:1800+30"]

1. e4 c5 2. c3 d5 3. exd5 Qxd5 4. d4 Nf6 5. Nf3 Bg4 6. Be2 e6 7. O-O Nc6 8. h3 Bh5 9. Be3 cxd4 10. cxd4 Be7 11. Nc3 Qd6 12. Qb3 O-O 13. Rfd1 ({Don't play} 13. Qxb7 Rfb8 14. Qa6 Bxf3 15. Bxf3 Nxd4 16. Qxd6 (16. Bb7 Qxa6 17. Bxa6 Nc2 $15) 16... Nxf3+ 17. gxf3 Bxd6 $15) 13... Rfd8 14. Rac1 a6 (14... Rab8 $11) 15. a3 ({Not} 15. Qxb7 $2 Na5 16. Bf4 Nxb7 $19) ({White should play} 15. d5 $14 Ne5 16. dxe6 (16. Qxb7 $2 Rdb8 $19) 16... Nxf3+ 17. Bxf3 Qxe6 18. Rxd8+ (18. Bxb7 Bxd1 19. Qxe6 fxe6 $16) (18. Qxb7 Bxf3 19. Qxf3 Rxd1+ 20. Rxd1 Rc8 $16) 18... Rxd8 19. Qxe6 (19. Qxb7 Bxf3 20. Qxf3 h6 $16) (19. Bxb7 Qxb3 20. axb3 a5 $16) 19... fxe6 20. Bxb7) 15... b5 16. Qa2 Rac8 17. b4 h6 18. Ne1 Bxe2 19. Qxe2 Bf8 20. f3 e5 21. d5 Nd4 22. Bxd4 exd4 23. Ne4 Qxd5 24. Nxf6+ gxf6 25. Rxc8 $1 Rxc8 26. Rd3 f5 $19 27. Qd2 Bg7 28. Nc2 Rc4 29. Qe2 Qc6 30. Rd2 Qe6 31. Kf2 Bf6 32. Qxe6 fxe6 33. g3 e5 34. Ne1 e4 35. fxe4 fxe4 36. Ra2 Kf7 37. Ng2 Bg5 38. h4 Bc1 39. Nf4 Bxf4 40. gxf4 Kf6 41. a4 d3 42. Ke3 Rc2 43. Ra1 Re2+ 44. Kd4 d2 45. Rd1 e3 46. axb5 Re1 47. b6 Rxd1 48. b7 Rc1 49. b8=Q d1=Q+ 50. Ke4 Rc4+ 51. Kxe3 Qd4+ 52. Kf3 Rc3+ 53. Ke2 Qe3+ 54. Kf1 Rc1+ 55. Kg2 Rg1+ 0-1

[Event "Germany Countries-chT Youth 2022"]
[Site "Wiesbaden"]
[Date "2022.10.03"]
[Round "5"]
[White "Skembris, Simon Max"]
[Black "Braeutigam, Katerina"]
[Result "1/2-1/2"]
[ECO "B19"]
[WhiteElo "1540"]
[BlackElo "1873"]
[Annotator "NA RC COMBH"]
[PlyCount "122"]
[EventDate "2022.09.28"]
[EventType "team-tourn"]
[EventRounds "7"]
[EventCountry "GER"]
[SourceTitle "playchess.com"]
[Source "ChessBase"]
[SourceQuality "1"]
[TimeControl "40/5400+30:1800+30"]

1. e4 c6 2. d4 d5 3. Nc3 dxe4 4. Nxe4 Bf5 5. Ng3 Bg6 6. h4 h6 7. Nf3 Nd7 8. h5 Bh7 9. Bd3 Bxd3 10. Qxd3 e6 11. Bd2 Ngf6 12. O-O-O Be7 13. Kb1 O-O 14. Ne4 Nxe4 15. Qxe4 Nf6 16. Qe2 Qd5 17. Ne5 Qe4 18. Qxe4 Nxe4 19. Be1 Rfd8 20. f3 Nf6 21. g4 Nd7 22. Bg3 Bd6 23. Bh4 f6 24. Nxd7 Rxd7 25. Rhe1 Kf7 26. c3 Bc7 27. Kc2 Rad8 28. Bf2 a6 29. Re2 Bf4 (29... c5 $11) 30. Be3 Bxe3 31. Rxe3 e5 32. Red3 exd4 33. Rxd4 Rxd4 34. Rxd4 Rxd4 35. cxd4 f5 36. Kd3 Kf6 37. Kc4 b6 38. a4 fxg4 $11 39. fxg4 Ke6 40. a5 bxa5 41. Kc5 Kd7 42. b3 Kc7 43. d5 cxd5 44. Kxd5 Kd7 45. Kc5 Kc7 46. Kd5 Kd7 47. Ke5 Ke7 48. Kf5 Kf7 49. g5 hxg5 50. Kxg5 Ke7 51. Kg6 Kf8 52. h6 gxh6 53. Kxh6 Ke7 54. Kg5 Kd6 55. Kf4 Kc5 56. Ke3 Kb4 57. Kd2 Ka3 58. Kc1 Ka2 59. Kc2 Ka1 60. Kc1 Ka2 61. Kc2 Ka1 1/2-1/2

[Event "Germany Countries-chT Youth 2022"]
[Site "Wiesbaden"]
[Date "2022.10.03"]
[Round "5"]
[White "Noennig, Jakob"]
[Black "Dohon, Maria-Johanna"]
[Result "1-0"]
[ECO "B15"]
[WhiteElo "1510"]
[BlackElo "1430"]
[Annotator "NA RC COMBH"]
[PlyCount "81"]
[EventDate "2022.09.28"]
[EventType "team-tourn"]
[EventRounds "7"]
[EventCountry "GER"]
[SourceTitle "playchess.com"]
[Source "ChessBase"]
[SourceQuality "1"]
[TimeControl "40/5400+30:1800+30"]

1. e4 c6 2. d4 d5 3. Nd2 dxe4 4. Nxe4 Nf6 5. Nxf6+ exf6 6. c3 Bd6 7. Bd3 O-O 8. Qc2 Re8+ 9. Ne2 h5 10. Be3 Nd7 11. O-O-O Nf8 12. c4 Be6 13. Kb1 Rc8 14. Nc3 b5 15. cxb5 cxb5 16. Bxb5 Re7 17. d5 Bd7 18. Bxd7 Rxd7 19. Qf5 g6 20. Qd3 Rb7 21. Bd4 Nd7 22. Qa6 Qc7 23. Ka1 Rcb8 24. Rd2 f5 25. Qc6 Ne5 26. Qxc7 Rxc7 27. Re1 Nc4 28. Rde2 Kf8 29. Nb5 Rd7 30. Nxa7 Ra8 31. Nc6 Rb7 32. g3 Nb6 33. Na5 Rbb8 34. Bxb6 Rxb6 35. Nc4 Rba6 36. Nxd6 Rxd6 37. Rd1 Rda6 38. b4 Rd6 39. Rd3 Rc8 40. Rd4 Rc7 41. a4 1-0